Map: 메크 디포 - 래더

Players

DnS - Winner!

  • Race: Protoss Protoss
  • Spawn Location: 1:00

puCK (Nina)

  • Race: Protoss Protoss
  • Spawn Location: 7:00

Event: WCS Montreal 2017

VOD

Have the link to the VOD?

Description

Time

  • Played on: Sept. 8, 2017, 12:28 p.m.
  • Length: 20:17

All games in this series

Show
View Real Time Build Order
Export as new Build Order

DnS Protoss - Winner!

Build Orders: Archon Immortal 

Get SALT Encoding   

  12  0:01  Probe (Chrono Boost)  
  13  0:11  Probe (Chrono Boost)  
  14  0:18  Pylon  
  14  0:22  Probe (Chrono Boost)  
  15  0:37  Probe (Chrono Boost), Gateway  
  15  0:41  Assimilator  
  16  0:47  Probe (Chrono Boost)  
  17  0:52  Assimilator  
  17  0:58  Probe (Chrono Boost)  
  18  1:06  Gateway  
  18  1:08  Probe (Chrono Boost)  
  19  1:19  Probe (Chrono Boost)  
  19  1:23  Cybernetics Core  
  20  1:29  Probe (Chrono Boost)  
  21  1:33  Pylon  
  21  1:40  Probe (Chrono Boost)  
  22  1:50  Probe (Chrono Boost)  
  23  1:59  Stalker x2  
  23  2:00  Warp Gate (Chrono Boost)  
  27  2:01  Probe  
  28  2:08  Pylon  
  28  2:15  Mothership Core  
  32  2:30  Sentry  
  32  2:36  Probe  
  33  2:48  Nexus  
  33  2:51  Probe  
  33  2:55  Sentry  
  36  3:03  Probe  
  36  3:04  Pylon  
  37  3:15  Robotics Facility  
  37  3:19  Probe  
  38  3:31  Probe  
  39  3:34  Twilight Council  
  39  3:43  Probe (Chrono Boost)  
  40  3:49  Stalker  
  40  3:50  Stalker  
  40  3:54  Probe (Chrono Boost)  
  45  4:00  Probe (Chrono Boost)  
  46  4:05  Probe (Chrono Boost)  
  46  4:07  Observer  
  48  4:10  Probe (Chrono Boost)  
  48  4:12  Phoenix  
  48  4:14  Blink (Chrono Boost)  
  48  4:16  Probe (Chrono Boost)  
  50  4:20  Probe (Chrono Boost)  
  51  4:26  Probe  
  51  4:30  Probe  
  53  4:39  Probe  
  53  4:40  Probe, Nexus  
  53  4:42  Pylon  
  53  4:43  Observer  
  56  4:51  Probe x2  
  58  4:54  Gateway  
  58  4:57  Gateway  
  58  5:02  Probe  
  58  5:03  Probe  
  60  5:09  Immortal (Chrono Boost)  
  64  5:14  Probe  
  64  5:15  Probe  
  64  5:16  Assimilator  
  64  5:19  Assimilator  
  64  5:21  Pylon  
  66  5:24  Pylon  
  66  5:26  Probe  
  67  5:30  Probe  
  68  5:36  Forge  
  68  5:39  Probe  
  68  5:42  Probe, Pylon  
  70  5:46  Immortal (Chrono Boost)  
  74  5:50  Probe  
  74  5:51  Probe  
  74  5:54  Probe  
  74  5:56  Sentry  
  79  6:01  Probe  
  79  6:03  Probe  
  81  6:08  Pylon  
  81  6:09  Probe, Protoss Ground Weapons Level 1 (Chrono Boost)  
  82  6:17  Stalker x3  
  88  6:24  Immortal  
  89  6:40  Phoenix  
  83  6:49  Stalker x4  
  83  6:53  Gateway  
  89  6:54  Probe  
  89  6:56  Probe x2  
  89  6:57  Gateway  
  89  6:58  Gateway  
  89  7:00  Immortal  
  92  7:05  Probe  
  92  7:07  Pylon x2  
  92  7:08  Probe  
  98  7:12  Probe  
  99  7:15  Probe  
  99  7:20  Probe  
  99  7:22  Assimilator  
  101  7:24  Templar Archives  
  101  7:25  Probe  
  101  7:26  Assimilator, Probe  
  101  7:28  Pylon  
  101  7:29  Gateway  
  103  7:32  Pylon  
  103  7:33  Stalker x2  
  105  7:38  Protoss Ground Weapons Level 2 (Chrono Boost)  
  105  7:39  Warp Prism  
  105  7:41  Probe  
  106  7:44  Probe  
  106  7:45  Probe  
  110  7:51  Pylon  
  110  7:53  Photon Cannon  
  110  7:54  Resonating Glaives (Chrono Boost)  
  110  8:01  High Templar x2, Adept  
  110  8:02  Adept  
  110  8:03  Pylon  
  118  8:06  Archon  
  118  8:09  Adept x2  
  118  8:10  Adept  
  124  8:32  Nexus  
  124  8:34  Pylon  
  124  8:39  Adept x7  
  136  8:46  Robotics Facility  
  134  8:51  Immortal  
  118  9:00  High Templar  
  118  9:01  High Templar  
  126  9:03  Stalker x4  
  126  9:06  Archon  
  134  9:10  Probe x3  
  134  9:13  Photon Cannon  
  137  9:28  Stalker x2  
  137  9:29  Stalker x4  
  149  9:40  Robotics Bay  
  149  9:52  Protoss Ground Weapons Level 3  
  143  10:06  Stalker x4  
  143  10:07  Photon Cannon, Stalker x3  
  155  10:19  Photon Cannon  
  155  10:20  Photon Cannon  
  155  10:22  Photon Cannon  
  155  10:27  Disruptor (Chrono Boost)  
  155  10:30  Disruptor (Chrono Boost)  
  159  10:48  Stargate  
  159  10:49  Probe  
  159  10:50  Probe x3  
  163  11:00  Disruptor (Chrono Boost)  
  163  11:02  Warp Prism (Chrono Boost)  
  168  11:08  Probe x2  
  168  11:09  Gateway  
  170  11:13  Gateway  
  170  11:14  Gateway  
  170  11:16  Pylon  
  170  11:22  Pylon  
  170  11:27  Photon Cannon  
  170  11:29  Disruptor (Chrono Boost)  
  170  11:33  Disruptor  
  170  11:34  Oracle (Chrono Boost)  
  179  11:43  Dark Shrine  
  179  11:45  Probe  
  179  11:46  Probe x3, Pylon  
  183  11:47  Pylon  
  183  11:48  Assimilator  
  183  11:49  Pylon  
  183  11:50  Assimilator  
  183  11:58  Probe  
  183  12:00  Disruptor  
  185  12:10  Disruptor  
  191  12:20  Pylon  
  191  12:21  Pylon  
  191  12:23  Zealot x4  
  191  12:26  Stalker x2  
  200  12:32  Pylon  
  200  12:37  Pylon x2  
  195  12:38  Disruptor  
  180  12:50  Disruptor  
  179  12:54  Stalker x4  
  179  12:55  Stalker x2  
  191  13:09  Disruptor  
  185  13:15  Nexus  
  185  13:18  Oracle (Chrono Boost), Pylon  
  185  13:22  Protoss Shields Level 1  
  179  13:35  Pylon  
  179  13:38  Photon Cannon  
  179  13:41  Photon Cannon  
  177  13:44  Dark Templar x3  
  177  13:45  Photon Cannon, Zealot x8  
  177  13:47  Disruptor  
  198  14:12  Zealot x3  
  198  14:16  Disruptor  
  164  14:27  Disruptor  
  164  14:28  Stalker x8  
  175  14:39  Charge  
  175  14:40  Assimilator  
  175  14:42  Assimilator  
  175  14:52  Disruptor  
  170  14:57  Zealot x11  
  170  14:58  Disruptor  
  192  15:01  Oracle (Chrono Boost)  
  194  15:09  Pylon  
  194  15:11  Photon Cannon  
  188  15:28  Disruptor, Nexus  
  191  15:30  Dark Templar  
  191  15:33  Disruptor  
  191  15:34  Oracle (Chrono Boost)  
  171  16:03  Disruptor  
  174  16:10  Dark Templar x2  
  178  16:16  Fleet Beacon  
  178  16:18  Photon Cannon, Disruptor  
  178  16:19  Stargate  
  178  16:22  Stargate  
  178  16:23  Assimilator  
  144  16:49  Disruptor  
  144  16:50  Stalker x7  
  161  16:57  Zealot  
  161  16:59  Zealot  
  165  17:05  Stalker x2  
  169  17:20  Dark Templar  
  169  17:24  Carrier (Chrono Boost)  
  175  17:31  Nexus  
  175  17:32  Pylon  
  175  17:35  Zealot x7  
  175  17:36  Photon Cannon  
  173  17:53  Carrier (Chrono Boost)  
  173  17:54  Carrier (Chrono Boost)  
  173  17:57  Protoss Air Weapons Level 1  
  181  18:04  Disruptor  
  184  18:17  Dark Templar, Zealot x2  
  184  18:18  Zealot x4  
  196  18:33  Zealot x3  
  189  18:59  Dark Templar x2, Zealot x2  
  189  19:00  Zealot x6  
  182  19:10  Photon Cannon  
  182  19:11  Pylon  
  158  19:32  Observer x2  
  158  19:44  Zealot  
  158  19:45  Dark Templar  
  151  20:00  Dark Templar  
Show
View Real Time Build Order
Export as new Build Order

puCK Protoss 

Build Orders:  

Get SALT Encoding   

  12  0:00  Probe (Chrono Boost)  
  13  0:11  Probe (Chrono Boost)  
  14  0:18  Pylon  
  14  0:22  Probe (Chrono Boost)  
  15  0:37  Probe (Chrono Boost), Gateway  
  15  0:42  Assimilator  
  16  0:47  Probe (Chrono Boost)  
  17  0:51  Assimilator  
  17  0:58  Probe (Chrono Boost)  
  18  1:05  Gateway  
  18  1:08  Probe (Chrono Boost)  
  19  1:19  Probe (Chrono Boost)  
  19  1:24  Cybernetics Core  
  20  1:29  Probe (Chrono Boost)  
  21  1:34  Pylon  
  21  1:40  Probe (Chrono Boost)  
  22  1:50  Probe (Chrono Boost)  
  23  2:02  Stalker x2  
  23  2:03  Warp Gate (Chrono Boost)  
  27  2:09  Mothership Core  
  29  2:15  Pylon  
  29  2:30  Probe  
  29  2:33  Stalker  
  29  2:34  Stalker  
  34  3:01  Nexus  
  34  3:10  Sentry  
  34  3:11  Sentry  
  38  3:15  Pylon  
  38  3:17  Probe  
  39  3:33  Probe  
  40  3:41  Twilight Council  
  40  3:46  Probe (Chrono Boost)  
  41  3:57  Probe (Chrono Boost)  
  41  3:59  Robotics Facility  
  42  4:07  Probe (Chrono Boost)  
  43  4:12  Probe (Chrono Boost)  
  44  4:17  Probe (Chrono Boost)  
  44  4:18  Blink (Chrono Boost)  
  44  4:22  Probe  
  46  4:29  Probe  
  47  4:32  Probe  
  48  4:42  Probe  
  48  4:43  Probe  
  50  4:45  Warp Prism (Chrono Boost)  
  52  4:53  Probe  
  52  4:54  Probe  
  52  4:57  Nexus  
  54  5:00  Pylon  
  54  5:04  Probe  
  54  5:06  Probe  
  56  5:07  Stalker  
  56  5:09  Stalker  
  60  5:14  Probe  
  60  5:18  Probe  
  60  5:19  Pylon  
  62  5:22  Observer (Chrono Boost)  
  62  5:25  Probe  
  62  5:28  Pylon  
  64  5:34  Stalker  
  64  5:35  Stalker  
  68  5:40  Probe x2  
  70  5:44  Assimilator  
  70  5:45  Assimilator  
  70  5:48  Forge  
  70  5:54  Probe  
  71  5:58  Stalker x2  
  71  6:02  Probe, Gateway  
  76  6:06  Probe  
  77  6:12  Probe  
  78  6:22  Stalker  
  78  6:23  Stalker  
  76  6:25  Probe  
  76  6:26  Probe  
  76  6:27  Probe  
  76  6:30  Protoss Ground Weapons Level 1  
  79  6:34  Gateway  
  79  6:36  Probe, Gateway  
  79  6:39  Probe  
  81  6:42  Probe  
  74  6:47  Probe  
  74  6:52  Probe  
  74  6:53  Probe  
  76  6:55  Immortal  
  76  6:57  Probe, Stalker x2  
  86  7:02  Pylon  
  86  7:04  Gateway  
  86  7:05  Probe x2, Gateway  
  86  7:08  Probe  
  89  7:15  Probe  
  89  7:22  Stalker x3  
  96  7:23  Probe  
  96  7:27  Pylon  
  96  7:28  Pylon  
  97  7:38  Stalker x2  
  97  7:42  Photon Cannon  
  97  7:43  Probe  
  102  7:44  Assimilator  
  102  7:45  Assimilator  
  102  7:47  Stalker x3  
  102  7:49  Warp Prism  
  102  7:50  Probe  
  110  7:52  Probe  
  112  7:59  Pylon  
  112  8:04  Pylon  
  112  8:05  Photon Cannon  
  112  8:07  Pylon  
  108  8:20  Stalker x3  
  108  8:21  Stalker x3  
  108  8:24  Dark Shrine  
  120  8:44  Stalker  
  120  8:45  Stalker x6  
  107  9:03  Robotics Facility  
  107  9:05  Protoss Ground Weapons Level 2  
  107  9:06  Robotics Bay  
  107  9:08  Robotics Facility, Observer  
  108  9:15  Photon Cannon  
  108  9:24  Nexus  
  108  9:36  Dark Templar x2  
  108  9:37  Dark Templar x2  
  116  9:39  Adept  
  116  9:40  Adept  
  120  9:53  Pylon  
  120  9:55  Pylon  
  120  9:59  Probe  
  121  10:02  Probe  
  121  10:04  Disruptor x3 (Chrono Boost)  
  121  10:10  Probe  
  121  10:11  Probe, Photon Cannon  
  121  10:14  Photon Cannon  
  121  10:17  Stalker x5  
  131  10:27  Pylon  
  131  10:29  Pylon  
  131  10:30  Stalker  
  131  10:31  Stalker  
  133  10:36  Disruptor (Chrono Boost)  
  133  10:39  Disruptor (Chrono Boost)  
  133  10:42  Disruptor (Chrono Boost)  
  142  10:49  Stalker x3  
  148  11:04  Probe  
  148  11:06  Probe x2, Assimilator  
  148  11:07  Assimilator, Photon Cannon, Disruptor (Chrono Boost)  
  154  11:16  Disruptor (Chrono Boost), Probe  
  158  11:23  Charge  
  158  11:27  Protoss Ground Weapons Level 3  
  158  11:30  Photon Cannon  
  158  11:34  Pylon  
  158  11:36  Stalker  
  160  11:44  Stalker  
  160  11:45  Stalker x5  
  170  11:50  Photon Cannon  
  170  11:52  Disruptor (Chrono Boost)  
  170  11:54  Photon Cannon, Warp Prism (Chrono Boost)  
  175  12:02  Disruptor (Chrono Boost)  
  178  12:13  Stalker x4  
  178  12:14  Stalker x2  
  178  12:15  Stalker  
  160  12:44  Stalker  
  160  12:45  Stalker x5  
  170  12:56  Sentry  
  168  12:59  Disruptor x2 (Chrono Boost)  
  170  13:10  Stalker  
  170  13:11  Stalker x5  
  172  13:23  Probe x3  
  170  13:31  Stalker  
  167  13:35  Probe  
  167  13:38  Zealot x6  
  180  13:42  Probe  
  180  13:43  Probe  
  180  13:47  Probe  
  183  13:59  Dark Templar x2  
  183  14:00  Dark Templar  
  165  14:23  Observer (Chrono Boost)  
  159  14:29  Stalker x4  
  152  14:31  Observer (Chrono Boost)  
  152  14:41  Observer (Chrono Boost)  
  153  14:51  Probe  
  154  14:54  Disruptor (Chrono Boost)  
  160  15:00  Disruptor (Chrono Boost)  
  160  15:01  Probe  
  160  15:05  Photon Cannon  
  160  15:07  Photon Cannon, Zealot  
  160  15:08  Photon Cannon  
  160  15:12  Gateway  
  162  15:14  Gateway  
  162  15:15  Gateway  
  156  15:44  Gateway  
  156  15:47  Gateway  
  156  15:48  Cybernetics Core  
  152  16:03  Pylon  
  152  16:07  Pylon  
  152  16:15  Pylon x3  
  152  16:20  Probe x2  
  152  16:21  Probe  
  154  16:30  Probe  
  153  16:44  Stalker  
  153  16:45  Stalker x3  
  161  16:48  Probe  
  161  16:52  Assimilator  
  163  16:54  Assimilator, Observer (Chrono Boost)  
  163  16:57  Stalker x3  
  163  17:00  Pylon  
  163  17:01  Forge, Pylon  
  169  17:14  Nexus  
  166  17:17  Stalker  
  166  17:18  Stalker x3  
  166  17:21  Forge  
  172  17:25  Pylon x2  
  172  17:26  Pylon  
  172  17:28  Pylon  
  172  17:29  Pylon  
  172  17:31  Stalker x2  
  176  17:42  Photon Cannon  
  176  17:43  Photon Cannon  
  173  17:51  Stalker x3  
  173  17:52  Stalker x2  
  173  17:55  Robotics Bay  
  183  18:14  Zealot  
  183  18:15  Zealot x4  
  183  18:16  Zealot x2  
  197  18:23  Photon Cannon  
  168  19:00  Disruptor (Chrono Boost)  
  168  19:01  Colossus (Chrono Boost)  
  176  19:03  Zealot x3  
  176  19:09  Stalker x4  
  157  19:31  Disruptor (Chrono Boost)  
  147  19:46  Zealot x3  
  147  19:47  Zealot  
  135  20:07  Zealot  
  135  20:08  Zealot  
Tags
 
Add a new tag
Caveats
  • Supply blocks, unpowered buildings, or Contaminate may cause inaccurate times.
  • Supply counts are checked every 10 seconds.